 Dungeon Crawl Stone Soup version 0.26-a0-958-gf3041fb45f (webtiles) character file.

Game seed: 17695514149863808980

322 ootcrobin the Grave Robber (level 6, -1/45 HPs)
             Began as a Demigod Necromancer on Dec 1, 2020.
             Slain by Menkaure (13 damage)
             ... on level 5 of the Dungeon on Dec 6, 2020.
             The game lasted 00:31:00 (4958 turns).

ootcrobin the Grave Robber (Demigod Necromancer)    Turns: 4958, Time: 00:31:01

Health: -1/45      AC:  7    Str: 17    XL:     6   Next: 1%
Magic:  11/11      EV: 12    Int: 21    God:
Gold:   116        SH:  0    Dex: 16    Spells: 4/9 levels left

rFire    . . .     SeeInvis .   n - +0 dagger (holy)
rCold    . . .     Faith    .   (no shield)
rNeg     . . .     Spirit   .   y - +2 leather armour "Tibremne" {Str+4}
rPois    .         Reflect  .   (no helmet)
rElec    .         Harm     .   u - +0 cloak
rCorr    .         Rampage  .   (no gloves)
MR       .....                  w - +0 pair of boots
Stlth    +++.......             (no amulet)
HPRegen  0.15/turn              t - ring of stealth
MPRegen  0.12/turn              (no ring)

@: no status effects
A: high mp 1
a: no special abilities


You were on level 5 of the Dungeon.
You visited 2 branches of the dungeon, and saw 6 of its levels.

You collected 116 gold pieces.

Inventory:

Hand Weapons
 e - a +0 short sword
   (You took it off a kobold on level 3 of the Dungeon)
 f - a +0 hunting sling
   (You found it on level 1 of the Dungeon)
 m - a +0 short sword
   (You found it on level 1 of the Dungeon)
 n - a +0 dagger of holy wrath (weapon)
   (You took it off a kobold on level 3 of the Dungeon)
 o - a +0 hunting sling
   (You found it on level 1 of the Dungeon)
Missiles
 k - 40 sling bullets
 l - 92 stones
 q - 17 poisoned darts (quivered)
 x - 2 boomerangs of dispersal {!d !f =f}
Armour
 a - a +0 robe
 g - a +0 ring mail
   (You found it on level 1 of the Dungeon)
 u - a +0 cloak (worn)
   (You found it on level 2 of the Dungeon)
 w - a +0 pair of boots (worn)
   (You found it on level 3 of the Dungeon)
 y - the +2 leather armour "Tibremne" (worn) {Str+4}
   (You found it on level 4 of the Dungeon)

   It affects your strength (+4).
 B - the +1 robe of Hexama {rElec rN+ Stlth-}
   (You found it on level 4 of the Dungeon)

   It insulates you from electricity.
   It protects you from negative energy.
   It makes you less stealthy.
Jewellery
 t - a ring of stealth (left hand)
   (You found it on level 2 of the Dungeon)
 v - an uncursed ring of ice
   (You found it on level 2 of the Dungeon)
Scrolls
 b - a scroll of amnesia {unknown}
 c - 3 scrolls of teleportation {@r4}
 h - a scroll of enchant weapon
 i - a scroll of remove curse {@r2}
 j - 2 scrolls of immolation {unknown}
 s - 2 scrolls of fear {unknown}
 A - 3 scrolls of identify {@r1}
Potions
 d - a potion of curing {@q1}
 p - a potion of mutation
 r - 2 potions of attraction
 z - a potion of lignification


   Skills:
 + Level 0.1 Fighting
 - Level 2.0 Dodging
 - Level 1.7 Stealth
 - Level 2.0 Spellcasting
 - Level 6.7 Necromancy


You had 4 spell levels left.
You knew the following spells:

 Your Spells              Type           Power        Failure   Level
a - Pain                  Necr           ####         1%          1
b - Animate Skeleton      Necr           ####..       1%          1
r - Vampiric Draining     Necr           ####......   3%          3

Your spell library contained the following spells:

 Spells                   Type           Power        Failure   Level
 Animate Dead             Necr           ####......   11%         4
 Agony                    Necr           ####....     30%         5


Dungeon Overview and Level Annotations

Branches:
Dungeon (5/15)             Temple (1/1) D:4

Annotations:
D:2 1 runed translucent door, Crazy Yiuf
D:5 exclusion: 2 gnolls, Menkaure


Innate Abilities, Weirdness & Mutations

You have an increased reservoir of magic. (+10% MP)


Message History

No target in view!
No target in view!
No target in view!
No target in view!
No target in view!
No target in view!
No target in view!
No target in view!
No target in view!
No target in view!
No target in view!
No target in view!
No target in view!
No target in view!
No target in view!
No target in view!
No target in view!
No target in view!
No target in view!
No target in view!
Things that are here:
a giant cockroach corpse; an orc corpse
A - 4 scrolls of identify {@r1} (gained 1) Done exploring.
Done exploring.
As you read the scroll of identify {@r1}, it crumbles to dust.
r - 2 potions of attraction Save game and exit? [Y]es or [N]o only, please.
Save game and exit?
Okay, then.
Save game and exit? [Y]es or [N]o only, please.
Save game and exit?
Welcome back, ootcrobin the Demigod Necromancer.
Press ? for a list of commands and other information.
You can't go down here!
You can't go down here!
Search for what [? for help]? .
(D) Dungeon (T) Temple
Where to? (? - help)
Things that are here:
a giant cockroach corpse; an orc corpse You climb downwards.
Menkaure, Prince of Dust comes into view.
Marking area around Menkaure as unsafe for travelling.
Found 18 sling bullets, 15 stones and a lumpy brass amulet.
Found a stone staircase leading down. 2 gnolls come into view.
Unknown command.
Menkaure shouts!
Menkaure points at you and mumbles some strange words.
Pain shoots through your body!
Placed new exclusion.
Press: ? - help, . - travel You can't see that place. [the floor.] Placed new exclusion.
Menkaure mumbles some strange words.
Menkaure seems to speed up.
You aren't carrying any items that you can evoke.
Fire/throw which item? (* to show all) (? for menu, Esc to quit)
Okay, then.
Fire/throw which item? (* to show all) (? for menu, Esc to quit)
Throw: 93 stones
Press: ? - help, Shift-Dir - straight line, f - Menkaure
Aim: Menkaure (fast)
You throw a stone. The stone hits Menkaure.
Menkaure is lightly damaged.
You hit Menkaure but do no damage.
Menkaure is lightly damaged.
Menkaure hits you!
You hit Menkaure.
Menkaure convulses.
Menkaure is moderately damaged.
Menkaure hits you. Menkaure hits you!
* * * LOW HITPOINT WARNING * * *
You hit Menkaure but do no damage.
Menkaure is moderately damaged.
Menkaure hits you but does no damage.
You hit Menkaure.
Menkaure convulses.
Menkaure is heavily damaged.
Menkaure hits you.
* * * LOW HITPOINT WARNING * * *
You hit Menkaure.
Menkaure convulses.
Menkaure is severely damaged.
Menkaure barely misses you.
You hit Menkaure but do no damage.
Menkaure is severely damaged.
Menkaure closely misses you.
Okay, then.
You completely miss Menkaure.
Menkaure is severely damaged.
Menkaure barely misses you. Menkaure hits you.
* * * LOW HITPOINT WARNING * * *
Safe move off You feel better.
Menkaure closely misses you.
You hit Menkaure.
Menkaure convulses.
Menkaure is almost destroyed.
Menkaure hits you!
You die...

.░ .. gg ..░ .░░
..░░..░░░ .. ░░ .
░......░░░.░░.░..
░.░░............ .
░........(......
..░░░......M.......
...........@......░
....(..............
..(....<..........░
......░............
..... ░..>....░░..░
..". ░.......░░ ..
... ░░........ ░ ..
.......... .
............


You could see Menkaure (fast).

Vanquished Creatures
  2 scorpions (D:4)
  A hound (D:4)
  2 orc priests (D:4)
  A worker ant (D:4)
  2 adders
  2 oozes (D:3)
  3 leopard geckos
  6 orcs
  3 giant cockroaches
  9 goblins
  3 hobgoblins (D:1)
  13 jackals
  A quokka (D:2)
  4 bats (D:1)
  3 frilled lizards
  8 kobolds
  A leopard gecko skeleton (D:4)
  8 rats
72 creatures vanquished.

Vanquished Creatures (collateral kills)
  A hound skeleton (D:4)
1 creature vanquished.

Grand Total: 73 creatures vanquished

Notes
Turn   | Place    | Note
-------+----------+-------------------------------------------
     0 | D:1      | ootcrobin the Demigod Necromancer began the quest for the
                  | Orb.
     0 | D:1      | Reached XP level 1. HP: 14/14 MP: 5/5
   286 | D:1      | Reached skill level 2 in Dodging
   289 | D:1      | Reached skill level 2 in Spellcasting
   498 | D:1      | Reached XP level 2. HP: 15/20 MP: 5/7
   591 | D:1      | Reached skill level 4 in Necromancy
  1172 | D:1      | Learned a level 1 spell: Animate Skeleton
  1449 | D:2      | Found a runed translucent door.
  1450 | D:2      | Noticed Crazy Yiuf
  2153 | D:3      | Reached XP level 3. HP: 24/26 MP: 5/8
  2677 | D:3      | Learned a level 3 spell: Vampiric Draining
  2925 | D:3      | Reached skill level 5 in Necromancy
  3404 | D:4      | Got a translucent leather armour
  3415 | D:4      | Identified the +2 leather armour "Tibremne" {Str+4} (You
                  | found it on level 4 of the Dungeon)
  3443 | D:4      | Reached XP level 4. HP: 29/33 MP: 9/9
  3895 | D:4      | Reached XP level 5. HP: 38/38 MP: 10/10
  3923 | D:4      | Reached skill level 6 in Necromancy
  3999 | D:4      | Noticed a phantom
  4299 | D:4      | Found a staircase to the Ecumenical Temple.
  4313 | Temple   | Entered the Ecumenical Temple
  4335 | D:4      | Reached XP level 6. HP: 35/45 MP: 7/11
  4459 | D:4      | Got a shadowed robe
  4470 | D:4      | Identified the +1 robe of Hexama {rElec rN+ Stlth-} (You
                  | found it on level 4 of the Dungeon)
  4944 | D:5      | Entered Level 5 of the Dungeon
  4944 | D:5      | Noticed Menkaure
  4953 | D:5      | HP: 11/45 [Menkaure (1)]
  4958 | D:5      | Slain by Menkaure

Illustrated notes

Levels and vault maps discovered:
D:1:      dpeg_arrival_houses_and_road, layout_basic
D:2:      layout_loops_ring, uniq_crazy_yiuf_cottage
D:3:      layout_basic
D:4:      layout_basic, minmay_temple_entry_large_hall,
          kennysheep_generic_room_11
D:5:      layout_cave_pools, hex_large, grunt_gozag_statues, uniq_menkaure
Temple:   kilobyte_greek_temple

Skill      XL: |  1  2  3  4  5 |
---------------+----------------+-----
Dodging        | 2 |  2.0
Spellcasting   | 2 |  2.0
Necromancy     | 4 5 6 |  6.7
Fighting       | |  0.1
Stealth        | |  1.7

Action                   |  1- 3 |  4- 6 || total
-------------------------+-------+-------++-------
Melee: Dagger            |    47 |    75 ||   122
       Club              |     4 |       ||     4
Throw: Dart              |    11 |     8 ||    19
       Stone             |       |     1 ||     1
 Cast: Pain              |    65 |       ||    65
       Animate Skeleton  |    11 |     3 ||    14
       Vampiric Draining |       |    14 ||    14
  Use: Scroll            |     7 |     2 ||     9
       Potion            |       |     1 ||     1
 Stab: Sleeping          |     6 |       ||     6
Armor: Robe              |     6 |       ||     6
       Leather armour    |     2 |    28 ||    30
Dodge: Dodged            |    40 |    58 ||    98

Table legend: (Time is in decaauts)
 A = Elapsed time spent in this place.
 B = Non-inter-level travel time spent in this place.
 C = Inter-level travel time spent in this place.
 D = Time resting spent in this place.
 E = Time spent auto-exploring this place.
 F = Levels seen in this place.
 G = Mean time per level.
                   A        B        C        D        E       F      G
               +--------+--------+--------+--------+--------+-----+--------+
         Total |   4956 |   4693 |    263 |   1246 |   2454 |   6 |  826.0 |
       Dungeon |   4944 |   4681 |    263 |   1246 |   2454 |   5 |  988.8 |
        Temple |     11 |     11 |      0 |      0 |      0 |   1 |   11.0 |
               +--------+--------+--------+--------+--------+-----+--------+

Top non-repeatable levels by time:
     D:4: 1533 daAuts
     D:3: 1250 daAuts
     D:1: 1248 daAuts
     D:2: 897 daAuts
     D:5: 13 daAuts
  Temple: 11 daAuts

Table legend:
 A = Kills in this place as a percentage of kills in entire the game.
 B = Kills by you in this place as a percentage of kills by you in the entire game.
 C = Kills by friends in this place as a percentage of kills by friends in the entire game.
 D = Other kills in this place as a percentage of other kills in the entire game.
 E = Experience gained in this place as a percentage of experience gained in the entire game.
 F = Experience gained in this place divided by the number of levels of this place that you have seen.
                   A       B       C       D       E      F
               +-------+-------+-------+-------+-------+----------------------
         Total | 100.0 | 100.0 | 100.0 |   N/A | 100.0 |  76.7
       Dungeon | 100.0 | 100.0 | 100.0 |   N/A | 100.0 |  92.0
               +-------+-------+-------+-------+-------+----------------------
